 Dungeon Crawl Stone Soup version 0.21.0-37-g46506fa (webtiles) character file.

10 tidbits the Charmwright (level 2, 10/26 HPs)
             Began as a Gnoll Skald on Feb 1, 2018.
             Quit the game on level 3 of the Dungeon.
             The game lasted 00:02:28 (220 turns).

tidbits the Charmwright (Gnoll Skald)                Turns: 220, Time: 00:02:29

Health: 10/26      AC:  3    Str: 18    XL:     2   Next: 20%
Magic:  3/7        EV: 13    Int: 15    God:
Gold:   45         SH:  0    Dex: 14    Spells: 9/10 levels left

rFire    . . .     SeeInvis .   a - +0 hand axe
rCold    . . .     Gourm    .   (no shield)
rNeg     . . .     Faith    .   b - +0 leather armour
rPois    +         Spirit   .   (no helmet)
rElec    .         Reflect  .   (no cloak)
rCorr    .         Harm     .   (no gloves)
MR       .....                  (no boots)
Stlth    +.........             (no amulet)
HPRegen  0.08/turn              e - ring of poison resistance
MPRegen  0.10/turn              (no ring)

@: mighty, infused, heavily drained
A: distributed training, fangs 1, strong nose
a: no special abilities


You were on level 3 of the Dungeon.
You were not hungry.

You visited 1 branch of the dungeon, and saw 3 of its levels.

You collected 45 gold pieces.

Inventory:

Hand Weapons
 a - a +0 hand axe (weapon)
 h - a +0 dagger
Missiles
 i - 4 stones (quivered)
Armour
 b - a +0 leather armour (worn)
 j - a +0 pair of boots
Jewellery
 e - a ring of poison resistance (left hand)
   (You found it on level 2 of the Dungeon)
Scrolls
 g - a scroll of amnesia {unknown}
 k - a scroll of identify {unknown}
 m - a scroll of fear {unknown}
Books
 c - a book of Battle

   Spells                             Type                      Level
   a - Infusion                       Charms                       1
   b - Shroud of Golubria             Charms/Translocation         2
   c - Song of Slaying                Charms                       2
   d - Spectral Weapon                Hexes/Charms                 3
   e - Regeneration                   Charms/Necromancy            3
Comestibles
 d - a ration


   Skills:
 + Level 4.4(2.7) Fighting
 + Level 0.3(0.0) Short Blades
 + Level 0.3(0.0) Long Blades
 + Level 4.4(2.7) Axes
 + Level 0.3(0.0) Maces & Flails
 + Level 0.3(0.0) Polearms
 + Level 0.3(0.0) Staves
 + Level 0.3(0.0) Slings
 + Level 0.3(0.0) Bows
 + Level 0.3(0.0) Crossbows
 + Level 0.3(0.0) Throwing
 + Level 2.4(0.8) Armour
 + Level 4.4(2.7) Dodging
 + Level 0.3(0.0) Stealth
 + Level 0.3(0.0) Shields
 + Level 0.3(0.0) Unarmed Combat
 + Level 4.9(3.1) Spellcasting
 + Level 0.2(0.0) Conjurations
 + Level 0.2(0.0) Hexes
 + Level 5.3(3.5) Charms
 + Level 0.2(0.0) Summonings
 + Level 0.2(0.0) Necromancy
 + Level 0.2(0.0) Translocations
 + Level 0.2(0.0) Transmutations
 + Level 0.2(0.0) Fire Magic
 + Level 0.2(0.0) Ice Magic
 + Level 0.2(0.0) Air Magic
 + Level 0.2(0.0) Earth Magic
 + Level 0.2(0.0) Poison Magic
 + Level 0.4(0.0) Invocations
 + Level 0.3(0.0) Evocations


You had 9 spell levels left.
You knew the following spells:

 Your Spells              Type           Power        Failure   Level  Hunger
i - Infusion              Chrm           ##..         5%          1    #......


Dungeon Overview and Level Annotations

Branches:
Dungeon (3/15)

Altars:


Innate Abilities, Weirdness & Mutations

Your experience applies equally to all skills.
You have very sharp teeth.
Your uncanny sense of smell can sniff out nearby items.


Message History

Found a black potion.
There is a stone staircase leading up here.
Unknown command.
Casting: Infusion
Confirm with . or Enter, or press ? or * to list all spells.
You begin infusing your attacks with magical energy.
You closely miss the ball python. The ball python closely misses you. x2
You slash the ball python!
You kill the ball python!
You see here a black potion.
l - a black potion Your magical infusion is running out.
You are no longer magically infusing your attacks.
You open the door.
Found 7 gold pieces.
There is an open door here.
You open the door.
Found 12 gold pieces.
There is an open door here.
You see here 12 gold pieces.
You now have 24 gold pieces (gained 12).
Found a scroll labeled NIEKHIYLOO.
You see here a scroll labeled NIEKHIYLOO.
m - a scroll labeled NIEKHIYLOO
Found 10 gold pieces.
You hear the slow rusting of a very distant drain.
Found 11 gold pieces.
An orc comes into view. It is wielding a whip.
The orc shouts!
A goblin comes into view. It is wielding a club.
You see here 10 gold pieces.
You now have 34 gold pieces (gained 10).
An orc comes into view. It is wielding a club.
You see here 11 gold pieces.
You now have 45 gold pieces (gained 11).
Unknown command.
The orc shouts!
An orc wizard comes into view. It is wielding a dagger of draining.
Casting: Infusion
Confirm with . or Enter, or press ? or * to list all spells.
You don't know that spell.
Unknown command.
Casting: Infusion
Confirm with . or Enter, or press ? or * to list all spells.
You begin infusing your attacks with magical energy.
An orc comes into view. It is wielding a dagger.
The orc shouts!
The orc wizard shouts!
You hit the orc!
You kill the orc!
You have reached level 2!
You hear a shout!
An orc comes into view. It is wielding a hand axe.
You barely miss the goblin. The goblin hits you with a club.
You hit the goblin!
You kill the goblin!
The orc wizard mumbles some strange words.
The orc wizard flickers and vanishes!
Unknown command.
You closely miss the orc. The orc closely misses you.
It was a potion of might.
You feel very mighty all of a sudden. The orc hits you but does no damage.
You closely miss the orc. Your bite misses the orc.
The orc hits you but does no damage.
You slash the orc!
You kill the orc!
You miss something. Something hits you.
You feel drained.
You miss something. You bite something.
You hear some strange, mumbled words.
You are confused.
You bump into the rock wall.
Something hits you but does no damage.
You feel drained.
It was a potion of curing.
You feel better. Something barely misses you.
Unknown command.
You miss something. Something hits you.
You feel drained.
You barely miss something. Something hits you.
You feel drained.
You closely miss something. Something hits you.
You feel drained.
You miss something. Something barely misses you.
You miss something. Your bite misses something.
Something hits you but does no damage.
You feel drained. Something barely misses you.
You slash something! Your bite misses something.
You hear some strange, mumbled words.
A puff of flame appears from out of thin air!
The puff of flame misses you.
You barely miss something. Something hits you.
* * * LOW HITPOINT WARNING * * *
You feel drained.
* * * LOW HITPOINT WARNING * * *
Unknown command.
Are you sure you want to abandon this character and quit the game? (Confirm with "yes".)

#.# #.# #.# .# ∆ ##.##
##...## #.....# #.
##...########.#
....#######.#.........#
#......o#####.#########
###.###o{@....#
#########


You could see 2 orcs.

Vanquished Creatures
  2 orcs (D:3)
  A goblin (D:3)
  2 ball pythons
  2 bats (D:2)
  A frilled lizard (D:2)
  2 kobolds (D:2)
10 creatures vanquished.

Notes
Turn   | Place    | Note
-------+----------+-------------------------------------------
     0 | D:1      | tidbits the Gnoll Skald began the quest for the Orb.
     0 | D:1      | Reached XP level 1. HP: 20/20 MP: 6/6
   199 | D:3      | Noticed an orc wizard
   202 | D:3      | Reached XP level 2. HP: 26/26 MP: 4/7
   220 | D:3      | Quit the game

Action                   || total
-------------------------++-------
Melee: Hand axe          ||    26
       Bite              ||     1
 Cast: Infusion          ||     5
  Use: Potion            ||     2
Armor: Leather armour    ||     5
Dodge: Dodged            ||    16

Table legend:
 A = Turns spent in this place as a percentage of turns spent in the entire game.
 B = Non-inter-level travel turns spent in this place as a percentage of non-inter-level travel turns spent in the entire game.
 C = Inter-level travel turns spent in this place as a percentage of turns spent in this place.
 D = Turns resting spent in this place as a percentage of non-inter-level travel turns spent in this place.
 E = Turns spent auto-exploring this place as a percentage of non-inter-level travel turns spent in this place.
 F = Non-inter-level travel turns spent in this place divided by the number of levels of this place that you've seen.
                   A       B       C       D       E      F
               +-------+-------+-------+-------+-------+----------------------
         Total | 100.0 | 100.0 |   0.0 |   0.0 |   0.0 |  73.3
       Dungeon | 100.0 | 100.0 |   0.0 |   0.0 |   0.0 |  73.3
               +-------+-------+-------+-------+-------+----------------------

Table legend:
 A = Kills in this place as a percentage of kills in entire the game.
 B = Kills by you in this place as a percentage of kills by you in the entire game.
 C = Kills by friends in this place as a percentage of kills by friends in the entire game.
 D = Other kills in this place as a percentage of other kills in the entire game.
 E = Experience gained in this place as a percentage of experience gained in the entire game.
 F = Experience gained in this place divided by the number of levels of this place that you have seen.
                   A       B       C       D       E      F
               +-------+-------+-------+-------+-------+----------------------
         Total | 100.0 | 100.0 |   N/A |   N/A | 100.0 |   5.0
       Dungeon | 100.0 | 100.0 |   N/A |   N/A | 100.0 |   5.0
               +-------+-------+-------+-------+-------+----------------------

Vault maps used:
D:1:      dpeg_arrival_fog
D:2:      kennysheep_the_goblin_king, lemuel_round_altar, tgw_trog,
          first_ration, minmay_misc_feat_rows
D:3:      portal_sewer_entry_b, minmay_misc_feat_roman, minmay_splitting_lines
